 Dungeon Crawl Stone Soup version 0.30-a0-1157-g2cc9ac7196 (webtiles) character file.

Game seed: 16899679539842115057

128 Sobieck the Ruffian (level 4, 0/35 HPs)
             Began as a Draconian Transmuter on Apr 24, 2023.
             Slain by a cerulean imp
             ... wielding a +3 spear
             ... summoned by Natasha
              (4 damage)
             ... on level 2 of the Dungeon.
             The game lasted 00:02:55 (1472 turns).

Sobieck the Ruffian (Draconian Transmuter)          Turns: 1472, Time: 00:02:56

Health: 0/35       AC:  5    Str: 15    XL:     4   Next: 86%
Magic:  6/7        EV: 12    Int: 13    God:
Gold:   36         SH:  0    Dex: 11    Spells: 6/7 levels left

rFire   . .          .
                       - Unarmed
rCold   . . .        (no shield)
rNeg    . . .        (body armour unavailable)
rPois   .            (helmet currently unavailable)
rElec   .            (no cloak)
rCorr   .            (no gloves)
SInv    .            (boots currently unavailable)
Will    .....        (no amulet)
Stlth   ++           (no ring)
HPRegen 0.25/turn    (no ring)
MPRegen 0.10/turn

%: no passive effects
@: appendages (expiring)
A: horns 2, talons 2, AC +5, unfitting armour, cold-blooded
a: End Transformation


You were on level 2 of the Dungeon.
You had temporarily grown beastly horns and talons.
You visited 1 branch of the dungeon, and saw 2 of its levels.

You collected 36 gold pieces.


Innate Abilities, Weirdness & Mutations

You have temporarily grown beastly horns and talons.
Your plain brown scales are hard. (AC +5)
You cannot fit into any form of body armour.
You are cold-blooded and may be slowed by cold attacks.


   Skills:
 - Level 1.1 Fighting
 + Level 2.7 Dodging
 - Level 2.0 Stealth
 * Level 4.5 Unarmed Combat
 - Level 2.0 Spellcasting
 - Level 2.0 Transmutations


You had 6 spell levels left.
You knew the following spells:

 Your Spells              Type           Power      Damage    Failure   Level
a - Beastly Appendage     Tmut           12%        N/A       11%         1

Your spell library contained the following spells:

 Spells                   Type           Power      Damage    Failure   Level
 Wereblood                Tmut           6%         N/A       17%         2
 Magic Dart               Conj           4%         1d3       26%         1
 Call Imp                 Summ           2%         N/A       36%         2
 Spider Form              Tmut/Pois      3%         N/A       45%         3
 Inner Flame              Hex/Fire       1%         N/A       58%         3
 Mephitic Cloud           Conj/Pois/Air  1%         N/A       58%         3
 Ice Form                 Ice/Tmut       3%         N/A       86%         4
 Yara's Violent Unravell  Hex/Tmut       1%         3d3       99%         5
 Enfeeble                 Hex            0%         N/A       100%        7

Inventory:

Missiles
 c - 26 stones {throwing}
Scrolls
 b - a scroll of poison {unknown}
 d - a scroll of noise {unknown}
 f - a scroll of enchant armour {unknown}
 g - a scroll of blinking {unknown}
 i - a scroll of fear {unknown}
 k - 2 scrolls of identify {unknown}
 m - a scroll of butterflies {unknown}
Potions
 a - 2 potions of lignification {!q}
 e - 2 potions of invisibility {unknown}
 h - a potion of attraction {unknown}
 j - a potion of berserk rage {unknown}
 l - a potion of haste {unknown}

Dungeon Overview and Level Annotations

Branches:
Dungeon (2/15) Zot: 10534

Altars:

Annotations:
D:2 Natasha

#....... #....... .
#....... .. #.......
... #.#†###. ....
###....... .....
#.........
#....#########.#.......
#5h@..............#.
#...#########.........
##. ##......... #
##..........
##.....[....#
###...........#
##..............
....#).........##
..........<.....#


You could see Natasha and a cerulean imp (summoned).


Message History

You kill Natasha!
Natasha growls in agony!
Your life force feels restored.
Training target 2.0 for Stealth reached!
Your Stealth skill increases to level 2!
Unknown command.
Unknown command.
Unknown command.
k - a scroll labelled IPHEETU CEMNUR You start resting.
Your horns disappear.
Your talons disappear.
Unknown command.
You start resting.
Unknown command.
Unknown command.
You see here a rat corpse.
Found an escape hatch in the floor.
Unknown command.
c - 26 stones {throwing} (gained 2)
A ball python comes into view.
Danger!
You grow a pair of large bovine horns.
Your feet morph into talons.
You closely miss the ball python. You claw the ball python.
You kill the ball python!
No target in view!
No target in view!
Your transformation is almost over.
You see here a +1 hand axe of venom {axe}.
Your horns disappear.
Your talons disappear.
l - a bubbling golden potion Unknown command.
k - 2 scrolls labelled IPHEETU CEMNUR (gained 1)
A hobgoblin comes into view.
The hobgoblin shouts!
Danger!
A giant cockroach comes into view.
You miscast Beastly Appendage.
You are very lightly contaminated with residual magic.
Nothing appears to happen.
You closely miss the hobgoblin.
The hobgoblin hits you but does no damage.
You grow a pair of large bovine horns.
Your feet morph into talons.
The hobgoblin misses you.
Unknown command.
You punch the hobgoblin!
You kill the hobgoblin!
You punch the giant cockroach!
You kill the giant cockroach!
No target in view!
Your transformation is almost over.
Your magical contamination has completely faded away.
Your horns disappear.
Your talons disappear.
Things that are here:
a giant cockroach corpse; a hobgoblin corpse
m - a scroll labelled DEPUTA JAKLU Unknown command.
Natasha, Servant of Life and Death comes into view.
She is carrying a wand of flame (4).
Danger!
You miscast Beastly Appendage.
You are very lightly contaminated with residual magic.
Nothing appears to happen.
Natasha casts a spell at you. The magic dart hits you.
Natasha zaps a wand.
The puff of flame hits you!
You are too injured to fight recklessly!
Unknown command.
Casting: Beastly Appendage (safe; 11% risk of failure)
Confirm with . or Enter, or press ? or * to list all spells.
You grow a pair of large bovine horns.
Your feet morph into talons.
Natasha casts a spell.
Unknown command.
Natasha stares at you and mumbles some strange words.
The magic dart hits you.
Unknown command.
The cerulean imp hits you from afar with a +3 spear.
* * * LOW HITPOINT WARNING * * *
Natasha barely misses you.
Unknown command.
You closely miss Natasha. Your kick misses Natasha.
Your headbutt misses Natasha.
The cerulean imp hits you from afar with a +3 spear.
* * * LOW HITPOINT WARNING * * *
Natasha closely misses you.
Unknown command.
You miss Natasha.
Your transformation is almost over.
The cerulean imp hits you from afar with a +3 spear.
* * * LOW HITPOINT WARNING * * *
Natasha barely misses you.
You barely miss Natasha. You headbutt Natasha! The cerulean imp misses you.
Your magical contamination has completely faded away.
Unknown command.
You hit Natasha but do no damage.
Natasha zaps a wand.
The puff of flame hits you!
* * * LOW HITPOINT WARNING * * *
You completely miss Natasha. You claw Natasha!
The cerulean imp hits you from afar with a +3 spear.
You die...

Skill      XL: |  1  2  3  4 |
---------------+-------------+-----
Dodging        | 2 |  2.7
Stealth        | 1 2 |  2.0
Unarmed Combat | 4 |  4.5
Fighting       | |  1.1
Spellcasting   | |  2.0
Transmutations | |  2.0

Action                     |  1- 3 |  4- 6 || total
---------------------------+-------+-------++-------
  Melee: Unarmed           |    86 |    22 ||   108
         Headbutt          |    13 |     3 ||    16
         Kick              |    14 |     4 ||    18
         Tailslap          |     5 |     2 ||     7
   Cast: Beastly Appendage |    21 |     6 ||    27
   Stab: Sleeping          |     2 |     1 ||     3
 Armour: Skin              |    27 |     2 ||    29
  Dodge: Dodged            |    60 |     7 ||    67

Levels and vault maps discovered:
D:1:      elethiomel_arrival_shortcut, layout_basic
D:2:      layout_rooms, uniq_jessica, uniq_terence, uniq_natasha

Notes
Turn   | Place    | Note
-------+----------+-------------------------------------------
     0 | D:1      | Sobieck the Draconian Transmuter began the quest for the
                  | Orb.
     0 | D:1      | Reached XP level 1. HP: 16/16 MP: 3/3
   264 | D:1      | Reached skill level 2 in Dodging
   264 | D:1      | Reached XP level 2. HP: 22/23 MP: 1/5
   543 | D:1      | Reached skill level 1 in Stealth
   708 | D:1      | Reached XP level 3. HP: 28/28 MP: 4/6
   865 | D:1      | You pick up a book of Misfortune and begin reading...
   865 | D:1      | You add the spells Inner Flame, Yara's Violent Unravelling
                  | and Enfeeble to your library.
  1103 | D:2      | You pick up a book of Minor Magic and begin reading...
  1103 | D:2      | You add the spells Magic Dart, Call Imp and Mephitic Cloud
                  | to your library.
  1110 | D:2      | Noticed Terence
  1128 | D:2      | Killed Terence
  1129 | D:2      | Reached skill level 4 in Unarmed Combat
  1129 | D:2      | Reached XP level 4. HP: 29/32 MP: 5/7
  1192 | D:2      | Noticed Natasha
  1199 | D:2      | Killed Natasha
  1251 | D:2      | Noticed Natasha
  1259 | D:2      | Killed Natasha
  1260 | D:2      | Reached skill level 2 in Stealth
  1462 | D:2      | Noticed Natasha
  1471 | D:2      | HP: 4/35 [Natasha/puff of flame (7)]
  1472 | D:2      | Slain by a cerulean imp

Vanquished Creatures
  Natasha (twice) (D:2)
  Terence (D:2)
  An adder (D:2)
  5 bats (D:1)
  2 endoplasms
  2 giant cockroaches
  6 goblins
  2 hobgoblins
  7 jackals (D:1)
  5 kobolds
  2 ball pythons
  3 frilled lizards (D:1)
  7 rats
45 creatures vanquished.

Table legend:
 A = Non-vault XP
 B = Vault XP
 C = Vault XP percentage of total XP
 D = Non-vault monster count
 E = Vault monster count
 F = Vault count percentage of total count
                 A         B        C        D         E       F
            +---------+---------+-------+---------+---------+-------
      Total |     111 |      72 |  39.3 |      43 |       2 |   4.4
            +---------+---------+-------+---------+---------+-------
        D:1 |      50 |       0 |   0.0 |      33 |       0 |   0.0
        D:2 |      61 |      72 |  54.1 |      10 |       2 |  16.7
            +---------+---------+-------+---------+---------+-------

Skill      XL: |  1  2  3  4 |
---------------+-------------+-----
Dodging        | 2 |  2.7
Stealth        | 1 2 |  2.0
Unarmed Combat | 4 |  4.5
Fighting       | |  1.1
Spellcasting   | |  2.0
Transmutations | |  2.0

Action                     |  1- 3 |  4- 6 || total
---------------------------+-------+-------++-------
  Melee: Unarmed           |    86 |    22 ||   108
         Headbutt          |    13 |     3 ||    16
         Kick              |    14 |     4 ||    18
         Tailslap          |     5 |     2 ||     7
   Cast: Beastly Appendage |    21 |     6 ||    27
   Stab: Sleeping          |     2 |     1 ||     3
 Armour: Skin              |    27 |     2 ||    29
  Dodge: Dodged            |    60 |     7 ||    67

Illustrated notes

Table legend:
 A = Kills in this place as a percentage of kills in the entire game.
 B = Kills by you in this place as a percentage of kills by you in the entire game.
 C = Kills by friends in this place as a percentage of kills by friends in the entire game.
 D = Other kills in this place as a percentage of other kills in the entire game.
 E = Experience gained in this place as a percentage of experience gained in the entire game.
 F = Experience gained in this place divided by the number of levels of this place that you have seen.
                   A       B       C       D       E      F
               +-------+-------+-------+-------+-------+----------------------
         Total | 100.0 | 100.0 |   N/A |   N/A | 100.0 |  91.5
       Dungeon | 100.0 | 100.0 |   N/A |   N/A | 100.0 |  91.5
               +-------+-------+-------+-------+-------+----------------------

Table legend: (Time is in decaauts)
 A = Elapsed time spent in this place.
 B = Non-inter-level travel time spent in this place.
 C = Inter-level travel time spent in this place.
 D = Time resting spent in this place.
 E = Time spent auto-exploring this place.
 F = Levels seen in this place.
 G = Mean time per level.
                   A        B        C        D        E       F      G
               +--------+--------+--------+--------+--------+-----+--------+
         Total |   1464 |   1320 |    144 |    106 |    922 |   2 |  732.0 |
       Dungeon |   1464 |   1320 |    144 |    106 |    922 |   2 |  732.0 |
               +--------+--------+--------+--------+--------+-----+--------+

Top non-repeatable levels by time:
     D:1: 1084 daAuts
     D:2: 380 daAuts
